Hurricanes vs Flyers

Created - February 26, 2015 at 17:28

Goals
1 2 3 T
Hurricanes 2 0 2 4
Flyers 0 0 2 2
Shots
1 2 3 T
Hurricanes 11 12 9 32
Flyers 6 7 16 29

1st period

1. Hurricanes , Nick Foligno 15 (Blake Wheeler, Dustin Byfuglien) at 0:39
2. Hurricanes , Blake Wheeler 27 (James Neal, James Wisniewski) at 17:48 (PP)

Penalties :
Mike Ribeiro (PHI) for Tripping (Minor) at 0:23, James Wisniewski (CAR) for Roughing (Minor) at 0:23, Marek Zidlicky (PHI) for Tripping (Minor) at 3:01, Mark Fistric (PHI) for Hooking (Minor) at 7:10, Marek Zidlicky (PHI) for Roughing (Double Minor) at 16:44

2nd period

No Goal

Penalties :
Dan Boyle (PHI) for High sticking (Minor) at 8:30, Ryan Ellis (PHI) for Cross-checking (Minor) at 11:10, Nick Foligno (CAR) for Tripping (Minor) at 16:58

3rd period

3. Hurricanes , Derek Roy 11 (Dustin Byfuglien) at 0:10
4. Flyers , Daniel Sedin 32 (Mike Santorelli) at 0:45
5. Flyers , Ryan Ellis 7 (Daniel Sedin, Marek Zidlicky) at 10:32 (PP)
6. Hurricanes , James Wisniewski 13 (Blake Wheeler, Dustin Byfuglien) at 19:31 (Empty Net)

Penalties :
Nick Foligno (CAR) for Roughing (Minor) at 3:38, Nick Foligno (CAR) for Interference (Minor) at 9:19, Mark Fistric (PHI) for Roughing (Minor) at 13:27, Patrick Maroon (CAR) for Tripping (Minor) at 15:45, Raphael Diaz (CAR) for Hooking (Minor) at 19:34

Goalie Stats

Sergei Bobrovsky (CAR), 27 saves from 29 shots - (0.931), W, 18-19-5, 60:00 minutes
Frederik Andersen (PHI), 28 saves from 31 shots - (0.903), L, 17-20-2, 59:36 minutes

Players Stats for Hurricanes

Player Name              G  A  P  +/- PIM S  H  SB GA TA FO     MP     PP MP  PK MP  
------------------------------------------------------------------------------------
Alex Chiasson            0  0  0   0  0   1  0  0  0  0  0/0    10:43   0:00   0:00 
Ben Lovejoy              0  0  0   2  0   1  2  0  0  0  0/0    23:04   6:40   2:57 
Blake Wheeler            1  2  3   1  0   5  2  0  0  0  2/5    23:59   7:08   4:06 
Brad Richardson          0  0  0   0  0   1  0  0  0  0  10/17  11:50   0:00   0:00 
Brian Boyle              0  0  0   0  0   0  1  0  0  0  4/25   13:25   7:08   3:11 
Brooks Orpik             0  0  0  -1  0   1  1  1  0  0  0/0    18:38   0:00   4:00 
Derek Roy                1  0  1   1  0   2  0  0  0  0  17/32  20:20   5:50   1:37 
Dustin Byfuglien         0  3  3   3  0   6  3  1  0  0  0/0    26:31   6:18   4:47 
James Neal               0  1  1   0  0   3  0  0  0  0  0/0    23:08   7:08   0:00 
James Wisniewski         1  1  2   0  2   4  0  3  0  0  0/0    23:38   6:40   2:08 
Kevin Czuczman           0  0  0   0  0   2  0  1  0  0  0/0    17:51   6:18   1:06 
Michael Frolik           0  0  0   1  0   3  0  0  0  0  0/1    21:45   5:50   4:06 
Nick Foligno             1  0  1   2  6   2  4  0  0  0  2/4    19:50   5:50   1:19 
Patrick Maroon           0  0  0   0  2   0  2  0  0  0  0/0    10:42   0:00   0:00 
Raphael Diaz             0  0  0   0  2   1  0  0  0  0  0/0    10:16   0:00   0:12 
Ryan Wilson              0  0  0   0  0   0  0  0  0  0  0/0     0:00   0:00   0:00 
Scott Gomez              0  0  0   0  0   0  0  0  0  0  3/9    11:34   0:00   0:51 
Valeri Nichushkin        0  0  0   0  0   0  0  0  0  0  0/0     3:06   0:00   0:00 

Players Stats for Flyers

Player Name              G  A  P  +/- PIM S  H  SB GA TA FO     MP     PP MP  PK MP  
------------------------------------------------------------------------------------
Brian Gibbons            0  0  0   0  0   0  0  0  0  0  0/0     6:16   0:00   0:16 
Dan Boyle                0  0  0  -1  2   5  1  0  0  0  0/0    24:00   4:28   2:33 
Daniel Sedin             1  1  2  -1  0   6  1  0  0  0  5/7    22:52   4:03   4:12 
Dany Heatley             0  0  0  -1  0   0  1  0  0  0  0/1    10:54   0:00   0:00 
Gabriel Bourque          0  0  0   0  0   0  0  0  0  0  0/0     7:42   0:00   0:00 
Jack Skille              0  0  0   0  0   0  0  1  0  0  0/0     7:42   0:00   0:00 
Joel Ward                0  0  0  -1  0   2  0  0  0  0  2/2    23:43   4:03   8:46 
Kyle Brodziak            0  0  0   0  0   0  1  2  0  0  19/28  14:46   0:00   8:46 
Kyle Okposo              0  0  0  -1  0   7  2  0  0  0  5/9    18:11   4:03   0:00 
Marek Zidlicky           0  1  1  -2  6   2  4  0  0  0  0/0    22:59   2:53   5:18 
Mark Fistric             0  0  0   0  4   0  3  0  0  0  0/0    13:59   0:18   4:53 
Mike Ribeiro             0  0  0  -1  2   2  2  2  0  0  11/20  14:25   3:32   0:00 
Mike Santorelli          0  1  1   1  0   1  0  0  0  0  9/18   20:51   3:32   4:12 
Nathan Gerbe             0  0  0   0  0   0  0  0  0  0  0/0     6:14   0:00   0:00 
Olli Jokinen             0  0  0  -1  0   0  1  0  0  0  4/8    11:42   3:32   0:00 
Philip Larsen            0  0  0   0  0   0  2  3  0  0  0/0    16:27   0:00   3:33 
Ryan Ellis               1  0  1   0  2   1  2  2  0  0  0/0    21:12   3:07   2:19 
Tom Gilbert              0  0  0  -1  0   3  0  1  0  0  0/0    21:01   4:24   7:04 

3 Stars

1 - Dustin Byfuglien (CAR)
2 - Blake Wheeler (CAR)
3 - Daniel Sedin (PHI)

Power Play

Hurricanes - 1 on 7 Attempt(s) - 14.29%
Flyers - 1 on 5 Attempt(s) - 20.00%

Penalty Kill

Hurricanes - 4 on 5 Attempt(s) - 80.00% - Score 0 goal in Penalty Kill
Flyers - 6 on 7 Attempt(s) - 85.71% - Score 0 goal in Penalty Kill

Team Stat

Hurricanes - Hits : 15 - Faceoff Wins : 38 - Blocked Shots : 6 - Penalty Minutes : 12
Flyers - Hits : 20 - Faceoff Wins : 55 - Blocked Shots : 11 - Penalty Minutes : 16

Official

Referees : Justin StPierre and Greg Kimmerly
Linesman : Mark Wheler and Derek Nansen

Game Notes

James Wisniewski has scored in a empty net!

Finance

Level 1 -- Attendance: 6500 (100.00%) -- Ticket Income $650,000
Level 2 -- Attendance: 4799 (95.98%) -- Ticket Income $335,930
Level 3 -- Attendance: 3098 (88.51%) -- Ticket Income $123,920
Level 4 -- Attendance: 3072 (86.85%) -- Ticket Income $67,584
Luxury Box -- Attendance: 1000 (100.00%) -- Ticket Income $200,000
Game was played at the Wells Fargo Center'
Total Attendance: 18469 (94.53%)
Total Ticket Income: $1,377,434
Other Income: $206,615
Total Income: $1,584,049

% Time on Ice - Hurricanes

Lines # - Real PCT - Wanted PCT - Time Play
Normal Forward
1 - 31% - 38% - 11:34
2 - 32% - 35% - 11:49
3 - 8% - 17% - 3:06
4 - 29% - 10% - 10:43
Normal Defense
1 - 34% - 35% - 12:32
2 - 36% - 35% - 13:17
3 - 27% - 17% - 10:05
4 - 3% - 13% - 1:18
PP Forward
1 - 55% - 57% - 7:08
2 - 45% - 43% - 5:50
PP Defense
1 - 51% - 50% - 6:40
2 - 49% - 50% - 6:18
PK Forward
1 - 46% - 50% - 3:29
2 - 54% - 50% - 4:06
PK Defense
1 - 39% - 50% - 2:57
2 - 61% - 50% - 4:38
PK3 Forward
1 - 0% - 60%
2 - 0% - 40%
PK3 Defense
1 - 0% - 60%
2 - 0% - 40%
44 Forward
1 - 54% - 50% - 1:04
2 - 46% - 50% - 0:55
44 Defense
1 - 68% - 50% - 1:21
2 - 32% - 50% - 0:38
Last Minute Offensive  - 0:00
Last Minute Defensive  - 0:16
Total
Forward - 60:00
Defense - 60:00

% Time on Ice - Flyers

Lines # - Real PCT - Wanted PCT - Time Play
Normal Forward
1 - 34% - 40% - 12:24
2 - 29% - 35% - 10:54
3 - 21% - 20% - 7:42
4 - 16% - 5% - 6:00
Normal Defense
1 - 41% - 45% - 15:04
2 - 35% - 30% - 12:54
3 - 24% - 15% - 8:50
4 - 1% - 10% - 0:12
PP Forward
1 - 53% - 60% - 4:03
2 - 47% - 40% - 3:32
PP Defense
1 - 59% - 60% - 4:28
2 - 41% - 40% - 3:07
PK Forward
1 - 68% - 60% - 8:46
2 - 32% - 40% - 4:12
PK Defense
1 - 75% - 60% - 9:43
2 - 25% - 40% - 3:15
PK3 Forward
1 - 0% - 60%
2 - 0% - 40%
PK3 Defense
1 - 0% - 60%
2 - 0% - 40%
44 Forward
1 - 64% - 60% - 1:16
2 - 36% - 40% - 0:43
44 Defense
1 - 64% - 60% - 1:16
2 - 36% - 40% - 0:43
Last Minute Offensive  - 0:28
Last Minute Defensive  - 0:00
Total
Forward - 60:00
Defense - 60:00

Play by Play

1st period


0:01 of 1st period - Brad Richardson wins face-off versus Mike Santorelli in neutral zone.
0:06 of 1st period - Shot by Blake Wheeler.
0:06 of 1st period - Stopped by Frederik Andersen without a rebound.
0:07 of 1st period - Derek Roy wins face-off versus Mike Ribeiro in Flyers zone.
0:14 of 1st period - Shot by Derek Roy.
0:14 of 1st period - Shot Misses the Net.
0:23 of 1st period - Minor Penalty to Mike Ribeiro for Tripping.
0:23 of 1st period - Minor Penalty to James Wisniewski for Roughing.
0:24 of 1st period - Daniel Sedin wins face-off versus Nick Foligno in Hurricanes zone.
0:39 of 1st period - Shot by Blake Wheeler.
0:39 of 1st period - Deflect By Nick Foligno.
0:39 of 1st period - Goal by Nick Foligno - Hurricanes : 1 - Flyers : 0.
0:40 of 1st period - Derek Roy wins face-off versus Daniel Sedin in neutral zone.
0:51 of 1st period - Shot by Daniel Sedin.
0:51 of 1st period - Stopped by Sergei Bobrovsky without a rebound.
0:52 of 1st period - Daniel Sedin wins face-off versus Derek Roy in Hurricanes zone.
2:01 of 1st period - Shot by Blake Wheeler.
2:01 of 1st period - Shot Misses the Net.
2:03 of 1st period - Shot by Blake Wheeler.
2:03 of 1st period - Shot Misses the Net.
2:05 of 1st period - Shot by Blake Wheeler.
2:05 of 1st period - Stopped by Frederik Andersen without a rebound.
2:06 of 1st period - Mike Santorelli wins face-off versus Nick Foligno in Flyers zone.
2:23 of 1st period - Shot by Blake Wheeler.
2:23 of 1st period - Shot Blocked by Mike Ribeiro.
2:43 of 1st period - Alex Chiasson is hit by Philip Larsen and loses puck.
2:46 of 1st period - Shot by Kevin Czuczman.
2:46 of 1st period - Shot Misses the Net.
2:48 of 1st period - Shot by Kevin Czuczman.
2:48 of 1st period - Shot Misses the Net.
2:50 of 1st period - Shot by Alex Chiasson.
2:50 of 1st period - Shot Misses the Net.
2:52 of 1st period - Shot by Kevin Czuczman.
2:52 of 1st period - Shot Blocked by Philip Larsen.
2:54 of 1st period - Shot by Kevin Czuczman.
2:54 of 1st period - Stopped by Frederik Andersen with a rebound.
2:56 of 1st period - Shot by Raphael Diaz.
2:56 of 1st period - Shot Misses the Net.
2:58 of 1st period - Shot by Alex Chiasson.
2:58 of 1st period - Shot Blocked by Mike Ribeiro.
3:00 of 1st period - Shot by Alex Chiasson.
3:00 of 1st period - Shot Misses the Net.
3:01 of 1st period - Minor Penalty to Marek Zidlicky for Tripping.
3:02 of 1st period - Kyle Brodziak wins face-off versus Brian Boyle in Flyers zone.
3:31 of 1st period - Shot by Ben Lovejoy.
3:31 of 1st period - Stopped by Frederik Andersen without a rebound.
3:32 of 1st period - Daniel Sedin wins face-off versus Derek Roy in Flyers zone.
3:32 of 1st period - Tom Gilbert is hit by Nick Foligno and loses puck.
3:39 of 1st period - Shot by Dustin Byfuglien.
3:39 of 1st period - Stopped by Frederik Andersen without a rebound.
3:40 of 1st period - Kyle Brodziak wins face-off versus Derek Roy in Flyers zone.
3:50 of 1st period - Off-side.
3:51 of 1st period - Kyle Brodziak wins face-off versus Brian Boyle in neutral zone.
4:53 of 1st period - Icing by Michael Frolik.
4:54 of 1st period - Derek Roy wins face-off versus Kyle Brodziak in Hurricanes zone.
5:27 of 1st period - Shot by Alex Chiasson.
5:27 of 1st period - Shot Blocked by Ryan Ellis.
5:29 of 1st period - Shot by Scott Gomez.
5:29 of 1st period - Shot Misses the Net.
5:31 of 1st period - Shot by Scott Gomez.
5:31 of 1st period - Shot Misses the Net.
5:41 of 1st period - Dan Boyle is hit by Patrick Maroon and loses puck.
5:56 of 1st period - Icing by Gabriel Bourque.
5:57 of 1st period - Brad Richardson wins face-off versus Olli Jokinen in Flyers zone.
6:03 of 1st period - Icing by Dan Boyle.
6:04 of 1st period - Brad Richardson wins face-off versus Olli Jokinen in Flyers zone.
6:25 of 1st period - Shot by Blake Wheeler.
6:25 of 1st period - Shot Blocked by Ryan Ellis.
7:01 of 1st period - Shot by Kyle Okposo.
7:01 of 1st period - Stopped by Sergei Bobrovsky without a rebound.
7:02 of 1st period - Mike Ribeiro wins face-off versus Derek Roy in Hurricanes zone.
7:10 of 1st period - Minor Penalty to Mark Fistric for Hooking.
7:11 of 1st period - Derek Roy wins face-off versus Kyle Brodziak in Flyers zone.
7:12 of 1st period - Shot by Nick Foligno.
7:12 of 1st period - Shot Misses the Net.
7:52 of 1st period - Michael Frolik is hit by Marek Zidlicky and loses puck.
8:26 of 1st period - Shot by James Wisniewski.
8:26 of 1st period - Stopped by Frederik Andersen without a rebound.
8:27 of 1st period - Kyle Brodziak wins face-off versus Brian Boyle in Flyers zone.
8:27 of 1st period - Kyle Brodziak is hit by Brian Boyle.
8:49 of 1st period - Shot by James Neal.
8:49 of 1st period - Shot Blocked by Philip Larsen.
8:51 of 1st period - Shot by James Wisniewski.
8:51 of 1st period - Shot Blocked by Kyle Brodziak.
9:42 of 1st period - Shot by Dan Boyle.
9:42 of 1st period - Stopped by Sergei Bobrovsky without a rebound.
9:43 of 1st period - Derek Roy wins face-off versus Mike Santorelli in Hurricanes zone.
9:43 of 1st period - Derek Roy is hit by Marek Zidlicky.
10:01 of 1st period - Shot by Kyle Okposo.
10:01 of 1st period - Stopped by Sergei Bobrovsky without a rebound.
10:02 of 1st period - Brad Richardson wins face-off versus Mike Ribeiro in Hurricanes zone.
10:34 of 1st period - Ben Lovejoy is hit by Mike Ribeiro and loses puck.
10:50 of 1st period - Icing by Ben Lovejoy.
10:51 of 1st period - Brad Richardson wins face-off versus Kyle Okposo in Hurricanes zone.
11:34 of 1st period - Shot by Daniel Sedin.
11:34 of 1st period - Stopped by Sergei Bobrovsky without a rebound.
11:35 of 1st period - Kyle Brodziak wins face-off versus Scott Gomez in Hurricanes zone.
11:36 of 1st period - Shot by Brian Gibbons.
11:36 of 1st period - Shot Misses the Net.
12:02 of 1st period - Shot by Tom Gilbert.
12:02 of 1st period - Shot Misses the Net.
13:04 of 1st period - Shot by Ryan Ellis.
13:04 of 1st period - Shot Misses the Net.
13:07 of 1st period - Icing by Brooks Orpik.
13:08 of 1st period - Nick Foligno wins face-off versus Mike Santorelli in Hurricanes zone.
14:20 of 1st period - Brad Richardson is hit by Mark Fistric and loses puck.
14:51 of 1st period - Shot by Scott Gomez.
14:51 of 1st period - Shot Misses the Net.
14:53 of 1st period - Shot by Alex Chiasson.
14:53 of 1st period - Stopped by Frederik Andersen with a rebound.
14:55 of 1st period - Shot by Raphael Diaz.
14:55 of 1st period - Stopped by Frederik Andersen with a rebound.
15:23 of 1st period - Shot by Nick Foligno.
15:23 of 1st period - Deflect By Michael Frolik.
15:23 of 1st period - Shot Misses the Net.
15:48 of 1st period - Michael Frolik is hit by Mark Fistric and loses puck.
16:36 of 1st period - Shot by Kyle Okposo.
16:36 of 1st period - Stopped by Sergei Bobrovsky without a rebound.
16:37 of 1st period - Scott Gomez wins face-off versus Mike Ribeiro in Hurricanes zone.
16:37 of 1st period - Scott Gomez is hit by Dany Heatley.
16:44 of 1st period - Double Minor Penalty to Marek Zidlicky for Roughing.
16:45 of 1st period - Kyle Brodziak wins face-off versus Derek Roy in Flyers zone.
17:48 of 1st period - Shot by Blake Wheeler.
17:48 of 1st period - Goal by Blake Wheeler - Hurricanes : 2 - Flyers : 0.
17:49 of 1st period - Kyle Brodziak wins face-off versus Brian Boyle in neutral zone.
18:45 of 1st period - Shot by Michael Frolik.
18:45 of 1st period - Deflect By Derek Roy.
18:45 of 1st period - Stopped by Frederik Andersen without a rebound.
18:46 of 1st period - Derek Roy wins face-off versus Daniel Sedin in Flyers zone.
Goals for this period are 2 for Hurricanes vs 0 for Flyers.
Shots for this period are 11 for Hurricanes vs 6 for Flyers.

2nd period


0:01 of 2nd period - Mike Santorelli wins face-off versus Brad Richardson in neutral zone.
0:08 of 2nd period - Shot by Kyle Okposo.
0:08 of 2nd period - Stopped by Sergei Bobrovsky without a rebound.
0:09 of 2nd period - Mike Santorelli wins face-off versus Brad Richardson in Hurricanes zone.
0:43 of 2nd period - James Neal is hit by Dan Boyle and loses puck.
0:54 of 2nd period - Shot by Kyle Okposo.
0:54 of 2nd period - Stopped by Sergei Bobrovsky without a rebound.
0:55 of 2nd period - Derek Roy wins face-off versus Mike Ribeiro in Hurricanes zone.
1:05 of 2nd period - Shot by Nick Foligno.
1:05 of 2nd period - Shot Blocked by Philip Larsen.
1:07 of 2nd period - Shot by Dustin Byfuglien.
1:07 of 2nd period - Stopped by Frederik Andersen without a rebound.
1:08 of 2nd period - Kyle Brodziak wins face-off versus Scott Gomez in Flyers zone.
2:29 of 2nd period - Shot by Blake Wheeler.
2:29 of 2nd period - Stopped by Frederik Andersen without a rebound.
2:30 of 2nd period - Derek Roy wins face-off versus Mike Ribeiro in Flyers zone.
3:02 of 2nd period - Kevin Czuczman is hit by Mike Ribeiro and loses puck.
3:20 of 2nd period - Icing by Michael Frolik.
3:21 of 2nd period - Derek Roy wins face-off versus Mike Santorelli in Hurricanes zone.
3:36 of 2nd period - Shot by Kyle Okposo.
3:36 of 2nd period - Shot Misses the Net.
4:00 of 2nd period - Shot by Mike Santorelli.
4:00 of 2nd period - Shot Misses the Net.
4:02 of 2nd period - Shot by Dan Boyle.
4:02 of 2nd period - Stopped by Sergei Bobrovsky without a rebound.
4:03 of 2nd period - Olli Jokinen wins face-off versus Scott Gomez in Hurricanes zone.
4:03 of 2nd period - Tom Gilbert is hit by Dustin Byfuglien and loses puck.
4:11 of 2nd period - Icing by Dustin Byfuglien.
4:12 of 2nd period - Scott Gomez wins face-off versus Mike Ribeiro in Hurricanes zone.
4:14 of 2nd period - Icing by Ben Lovejoy.
4:15 of 2nd period - Mike Ribeiro wins face-off versus Scott Gomez in Hurricanes zone.
4:25 of 2nd period - Icing by Patrick Maroon.
4:26 of 2nd period - Mike Santorelli wins face-off versus Scott Gomez in Hurricanes zone.
4:35 of 2nd period - Shot by Kyle Okposo.
4:35 of 2nd period - Shot Hit the Post.
5:00 of 2nd period - Mike Santorelli is hit by Ben Lovejoy and loses puck.
5:46 of 2nd period - Shot by Mike Ribeiro.
5:46 of 2nd period - Stopped by Sergei Bobrovsky without a rebound.
5:47 of 2nd period - Olli Jokinen wins face-off versus Derek Roy in Hurricanes zone.
5:56 of 2nd period - Shot by Gabriel Bourque.
5:56 of 2nd period - Shot Misses the Net.
6:22 of 2nd period - Shot by Michael Frolik.
6:22 of 2nd period - Shot Misses the Net.
6:24 of 2nd period - Shot by Michael Frolik.
6:24 of 2nd period - Stopped by Frederik Andersen with a rebound.
6:58 of 2nd period - Joel Ward is hit by Nick Foligno and loses puck.
7:44 of 2nd period - Blake Wheeler is hit by Kyle Okposo and loses puck.
7:56 of 2nd period - Icing by Kyle Okposo.
7:57 of 2nd period - Scott Gomez wins face-off versus Mike Santorelli in Flyers zone.
8:00 of 2nd period - Shot by Dustin Byfuglien.
8:00 of 2nd period - Stopped by Frederik Andersen with a rebound.
8:07 of 2nd period - Patrick Maroon is hit by Ryan Ellis and loses puck.
8:30 of 2nd period - Minor Penalty to Dan Boyle for High sticking.
8:31 of 2nd period - Kyle Brodziak wins face-off versus Brian Boyle in Flyers zone.
8:46 of 2nd period - Shot by Blake Wheeler.
8:46 of 2nd period - Shot Misses the Net.
8:48 of 2nd period - Shot by Brian Boyle.
8:48 of 2nd period - Deflect By Blake Wheeler.
8:48 of 2nd period - Shot Misses the Net.
8:50 of 2nd period - Shot by James Wisniewski.
8:50 of 2nd period - Stopped by Frederik Andersen without a rebound.
8:51 of 2nd period - Derek Roy wins face-off versus Kyle Brodziak in Flyers zone.
8:52 of 2nd period - Shot by Michael Frolik.
8:52 of 2nd period - Stopped by Frederik Andersen without a rebound.
8:53 of 2nd period - Kyle Brodziak wins face-off versus Derek Roy in Flyers zone.
9:01 of 2nd period - Icing by Derek Roy.
9:02 of 2nd period - Kyle Brodziak wins face-off versus Derek Roy in Hurricanes zone.
9:31 of 2nd period - Shot by Kevin Czuczman.
9:31 of 2nd period - Shot Blocked by Tom Gilbert.
9:33 of 2nd period - Shot by Derek Roy.
9:33 of 2nd period - Shot Misses the Net.
9:37 of 2nd period - Shot by Nick Foligno.
9:37 of 2nd period - Deflect By Michael Frolik.
9:37 of 2nd period - Stopped by Frederik Andersen without a rebound.
9:38 of 2nd period - Daniel Sedin wins face-off versus Brian Boyle in Flyers zone.
9:38 of 2nd period - Mike Santorelli is hit by Blake Wheeler and loses puck.
9:48 of 2nd period - Icing by James Wisniewski.
9:49 of 2nd period - Kyle Brodziak wins face-off versus Brian Boyle in Hurricanes zone.
10:07 of 2nd period - Shot by James Wisniewski.
10:07 of 2nd period - Stopped by Frederik Andersen without a rebound.
10:08 of 2nd period - Derek Roy wins face-off versus Kyle Brodziak in Flyers zone.
10:39 of 2nd period - Shot by Daniel Sedin.
10:39 of 2nd period - Stopped by Sergei Bobrovsky without a rebound.
10:40 of 2nd period - Brad Richardson wins face-off versus Mike Santorelli in Hurricanes zone.
11:10 of 2nd period - Minor Penalty to Ryan Ellis for Cross-checking.
11:11 of 2nd period - Kyle Brodziak wins face-off versus Michael Frolik in Flyers zone.
11:11 of 2nd period - Kyle Brodziak is hit by Nick Foligno.
11:25 of 2nd period - Shot by Dustin Byfuglien.
11:25 of 2nd period - Stopped by Frederik Andersen without a rebound.
11:26 of 2nd period - Brian Boyle wins face-off versus Kyle Brodziak in Flyers zone.
11:36 of 2nd period - Icing by James Wisniewski.
11:37 of 2nd period - Kyle Brodziak wins face-off versus Brian Boyle in Hurricanes zone.
12:44 of 2nd period - Shot by Dustin Byfuglien.
12:44 of 2nd period - Shot Misses the Net.
12:46 of 2nd period - Shot by Nick Foligno.
12:46 of 2nd period - Shot Misses the Net.
12:48 of 2nd period - Shot by Kevin Czuczman.
12:48 of 2nd period - Shot Misses the Net.
12:50 of 2nd period - Shot by Kevin Czuczman.
12:50 of 2nd period - Stopped by Frederik Andersen with a rebound.
12:52 of 2nd period - Shot by Kevin Czuczman.
12:52 of 2nd period - Shot Blocked by Kyle Brodziak.
12:54 of 2nd period - Shot by Dustin Byfuglien.
12:54 of 2nd period - Shot Misses the Net.
15:18 of 2nd period - Shot by Michael Frolik.
15:18 of 2nd period - Shot Blocked by Jack Skille.
15:48 of 2nd period - Off-side.
15:49 of 2nd period - Kyle Brodziak wins face-off versus Brian Boyle in neutral zone.
16:58 of 2nd period - Minor Penalty to Nick Foligno for Tripping.
16:59 of 2nd period - Kyle Okposo wins face-off versus Blake Wheeler in Hurricanes zone.
17:14 of 2nd period - Shot by Kyle Okposo.
17:14 of 2nd period - Shot Misses the Net.
17:16 of 2nd period - Shot by Kyle Okposo.
17:16 of 2nd period - Shot Misses the Net.
17:46 of 2nd period - Ben Lovejoy is hit by Kyle Okposo and loses puck.
18:09 of 2nd period - Shot by Tom Gilbert.
18:09 of 2nd period - Shot Blocked by Kevin Czuczman.
18:53 of 2nd period - Shot by Daniel Sedin.
18:53 of 2nd period - Stopped by Sergei Bobrovsky without a rebound.
18:54 of 2nd period - Kyle Okposo wins face-off versus Brian Boyle in Hurricanes zone.
19:05 of 2nd period - Shot by Marek Zidlicky.
19:05 of 2nd period - Stopped by Sergei Bobrovsky without a rebound.
19:06 of 2nd period - Kyle Brodziak wins face-off versus Derek Roy in Hurricanes zone.
19:12 of 2nd period - Icing by James Wisniewski.
19:13 of 2nd period - Derek Roy wins face-off versus Kyle Brodziak in Hurricanes zone.
19:25 of 2nd period - Shot by Michael Frolik.
19:25 of 2nd period - Shot Misses the Net.
19:27 of 2nd period - Shot by Brooks Orpik.
19:27 of 2nd period - Stopped by Frederik Andersen without a rebound.
19:28 of 2nd period - Brad Richardson wins face-off versus Mike Ribeiro in Flyers zone.
19:28 of 2nd period - Brad Richardson is hit by Mark Fistric.
19:54 of 2nd period - Shot by Dustin Byfuglien.
19:54 of 2nd period - Stopped by Frederik Andersen without a rebound.
19:55 of 2nd period - Derek Roy wins face-off versus Mike Santorelli in Flyers zone.
Goals for this period are 0 for Hurricanes vs 0 for Flyers.
Shots for this period are 12 for Hurricanes vs 7 for Flyers.

3rd period


0:01 of 3rd period - Derek Roy wins face-off versus Mike Ribeiro in neutral zone.
0:10 of 3rd period - Shot by Derek Roy.
0:10 of 3rd period - Goal by Derek Roy - Hurricanes : 3 - Flyers : 0.
0:11 of 3rd period - Brad Richardson wins face-off versus Mike Santorelli in neutral zone.
0:19 of 3rd period - Shot by Kyle Okposo.
0:19 of 3rd period - Shot Misses the Net.
0:21 of 3rd period - Shot by Dan Boyle.
0:21 of 3rd period - Stopped by Sergei Bobrovsky without a rebound.
0:22 of 3rd period - Joel Ward wins face-off versus Derek Roy in Hurricanes zone.
0:28 of 3rd period - Mike Ribeiro is hit by Dustin Byfuglien and loses puck.
0:43 of 3rd period - Shot by Marek Zidlicky.
0:43 of 3rd period - Stopped by Sergei Bobrovsky without a rebound.
0:44 of 3rd period - Mike Santorelli wins face-off versus Brad Richardson in Hurricanes zone.
0:45 of 3rd period - Shot by Daniel Sedin.
0:45 of 3rd period - Goal by Daniel Sedin - Hurricanes : 3 - Flyers : 1.
0:46 of 3rd period - Brad Richardson wins face-off versus Mike Santorelli in neutral zone.
1:17 of 3rd period - Shot by James Neal.
1:17 of 3rd period - Stopped by Frederik Andersen without a rebound.
1:18 of 3rd period - Derek Roy wins face-off versus Dany Heatley in Flyers zone.
1:33 of 3rd period - Shot by Mike Ribeiro.
1:33 of 3rd period - Stopped by Sergei Bobrovsky without a rebound.
1:34 of 3rd period - Olli Jokinen wins face-off versus Brian Boyle in Hurricanes zone.
1:35 of 3rd period - Shot by Tom Gilbert.
1:35 of 3rd period - Stopped by Sergei Bobrovsky without a rebound.
1:36 of 3rd period - Brad Richardson wins face-off versus Mike Ribeiro in Hurricanes zone.
1:55 of 3rd period - Joel Ward is hit by Blake Wheeler and loses puck.
2:06 of 3rd period - Shot by Blake Wheeler.
2:06 of 3rd period - Deflect By Brad Richardson.
2:06 of 3rd period - Stopped by Frederik Andersen without a rebound.
2:07 of 3rd period - Mike Santorelli wins face-off versus Derek Roy in Flyers zone.
2:09 of 3rd period - Icing by Kyle Okposo.
2:10 of 3rd period - Mike Santorelli wins face-off versus Derek Roy in Flyers zone.
2:10 of 3rd period - Mike Santorelli is hit by Nick Foligno.
2:24 of 3rd period - Shot by Kyle Okposo.
2:24 of 3rd period - Shot Blocked by James Wisniewski.
2:26 of 3rd period - Shot by Philip Larsen.
2:26 of 3rd period - Deflect By Kyle Okposo.
2:26 of 3rd period - Shot Misses the Net.
2:28 of 3rd period - Shot by Mike Santorelli.
2:28 of 3rd period - Deflect By Kyle Okposo.
2:28 of 3rd period - Stopped by Sergei Bobrovsky without a rebound.
2:29 of 3rd period - Mike Ribeiro wins face-off versus Brad Richardson in Hurricanes zone.
2:38 of 3rd period - Shot by Mike Ribeiro.
2:38 of 3rd period - Deflect By Joel Ward.
2:38 of 3rd period - Shot Misses the Net.
3:14 of 3rd period - Shot by Blake Wheeler.
3:14 of 3rd period - Stopped by Frederik Andersen without a rebound.
3:15 of 3rd period - Mike Santorelli wins face-off versus Derek Roy in Flyers zone.
3:38 of 3rd period - Minor Penalty to Nick Foligno for Roughing.
3:39 of 3rd period - Mike Ribeiro wins face-off versus Brian Boyle in Hurricanes zone.
3:48 of 3rd period - Shot by Olli Jokinen.
3:48 of 3rd period - Shot Misses the Net.
4:02 of 3rd period - Shot by Dan Boyle.
4:02 of 3rd period - Shot Blocked by James Wisniewski.
4:04 of 3rd period - Shot by Tom Gilbert.
4:04 of 3rd period - Stopped by Sergei Bobrovsky without a rebound.
4:05 of 3rd period - Kyle Okposo wins face-off versus Brian Boyle in Hurricanes zone.
4:06 of 3rd period - Shot by Ryan Ellis.
4:06 of 3rd period - Shot Misses the Net.
4:08 of 3rd period - Shot by Daniel Sedin.
4:08 of 3rd period - Shot Misses the Net.
4:20 of 3rd period - Shot by Kyle Okposo.
4:20 of 3rd period - Shot Misses the Net.
5:29 of 3rd period - Shot by Dan Boyle.
5:29 of 3rd period - Stopped by Sergei Bobrovsky without a rebound.
5:30 of 3rd period - Brian Boyle wins face-off versus Kyle Okposo in Hurricanes zone.
5:30 of 3rd period - Brian Boyle is hit by Daniel Sedin.
5:53 of 3rd period - Icing by Kyle Brodziak.
5:54 of 3rd period - Kyle Brodziak wins face-off versus Brian Boyle in Flyers zone.
6:16 of 3rd period - Icing by Marek Zidlicky.
6:17 of 3rd period - Derek Roy wins face-off versus Kyle Brodziak in Flyers zone.
6:24 of 3rd period - Raphael Diaz is hit by Kyle Brodziak and loses puck.
7:00 of 3rd period - Shot by Dan Boyle.
7:00 of 3rd period - Stopped by Sergei Bobrovsky without a rebound.
7:01 of 3rd period - Mike Ribeiro wins face-off versus Brad Richardson in Hurricanes zone.
7:04 of 3rd period - Shot by Joel Ward.
7:04 of 3rd period - Shot Blocked by Dustin Byfuglien.
7:20 of 3rd period - Shot by Blake Wheeler.
7:20 of 3rd period - Shot Misses the Net.
7:22 of 3rd period - Shot by James Neal.
7:22 of 3rd period - Stopped by Frederik Andersen with a rebound.
7:24 of 3rd period - Shot by James Neal.
7:24 of 3rd period - Stopped by Frederik Andersen without a rebound.
7:25 of 3rd period - Mike Santorelli wins face-off versus Scott Gomez in Flyers zone.
7:48 of 3rd period - Off-side.
7:49 of 3rd period - Mike Ribeiro wins face-off versus Brad Richardson in neutral zone.
8:03 of 3rd period - Mike Ribeiro is hit by Ben Lovejoy and loses puck.
8:09 of 3rd period - James Neal is hit by Marek Zidlicky and loses puck.
8:14 of 3rd period - Shot by Dustin Byfuglien.
8:14 of 3rd period - Shot Misses the Net.
8:31 of 3rd period - Blake Wheeler is hit by Marek Zidlicky and loses puck.
9:07 of 3rd period - Nick Foligno is hit by Ryan Ellis and loses puck.
9:19 of 3rd period - Minor Penalty to Nick Foligno for Interference.
9:20 of 3rd period - Mike Ribeiro wins face-off versus Brian Boyle in Hurricanes zone.
9:25 of 3rd period - Shot by Tom Gilbert.
9:25 of 3rd period - Stopped by Sergei Bobrovsky without a rebound.
9:26 of 3rd period - Kyle Okposo wins face-off versus Brian Boyle in Hurricanes zone.
9:33 of 3rd period - Shot by Dan Boyle.
9:33 of 3rd period - Shot Blocked by James Wisniewski.
9:35 of 3rd period - Shot by Daniel Sedin.
9:35 of 3rd period - Deflect By Joel Ward.
9:35 of 3rd period - Stopped by Sergei Bobrovsky without a rebound.
9:36 of 3rd period - Mike Ribeiro wins face-off versus Blake Wheeler in Hurricanes zone.
10:14 of 3rd period - Shot by Mike Santorelli.
10:14 of 3rd period - Stopped by Sergei Bobrovsky with a rebound.
10:32 of 3rd period - Shot by Ryan Ellis.
10:32 of 3rd period - Goal by Ryan Ellis - Hurricanes : 3 - Flyers : 2.
10:33 of 3rd period - Kyle Brodziak wins face-off versus Brian Boyle in neutral zone.
12:04 of 3rd period - Shot by Kyle Okposo.
12:04 of 3rd period - Stopped by Sergei Bobrovsky without a rebound.
12:05 of 3rd period - Joel Ward wins face-off versus Derek Roy in Hurricanes zone.
12:20 of 3rd period - Mike Ribeiro is hit by Brooks Orpik.
12:28 of 3rd period - Shot by Mike Ribeiro.
12:28 of 3rd period - Shot Misses the Net.
12:30 of 3rd period - Shot by Joel Ward.
12:30 of 3rd period - Shot Misses the Net.
12:32 of 3rd period - Shot by Mike Ribeiro.
12:32 of 3rd period - Shot Blocked by Brooks Orpik.
12:44 of 3rd period - Shot by Joel Ward.
12:44 of 3rd period - Shot Misses the Net.
12:46 of 3rd period - Shot by Joel Ward.
12:46 of 3rd period - Stopped by Sergei Bobrovsky with a rebound.
13:20 of 3rd period - Icing by Mark Fistric.
13:21 of 3rd period - Blake Wheeler wins face-off versus Olli Jokinen in Flyers zone.
13:27 of 3rd period - Minor Penalty to Mark Fistric for Roughing.
13:28 of 3rd period - Brian Boyle wins face-off versus Kyle Brodziak in Flyers zone.
13:43 of 3rd period - Shot by Dustin Byfuglien.
13:43 of 3rd period - Stopped by Frederik Andersen without a rebound.
13:44 of 3rd period - Brian Boyle wins face-off versus Kyle Brodziak in Flyers zone.
14:45 of 3rd period - Icing by Nick Foligno.
14:46 of 3rd period - Kyle Brodziak wins face-off versus Derek Roy in Hurricanes zone.
14:59 of 3rd period - Shot by Nick Foligno.
14:59 of 3rd period - Stopped by Frederik Andersen without a rebound.
15:00 of 3rd period - Daniel Sedin wins face-off versus Brian Boyle in Flyers zone.
15:45 of 3rd period - Minor Penalty to Patrick Maroon for Tripping.
15:46 of 3rd period - Mike Ribeiro wins face-off versus Blake Wheeler in Hurricanes zone.
16:15 of 3rd period - Icing by Ryan Ellis.
16:16 of 3rd period - Mike Ribeiro wins face-off versus Brian Boyle in Flyers zone.
16:40 of 3rd period - Off-side.
16:41 of 3rd period - Blake Wheeler wins face-off versus Kyle Okposo in neutral zone.
16:59 of 3rd period - Icing by Tom Gilbert.
17:00 of 3rd period - Kyle Okposo wins face-off versus Brian Boyle in Flyers zone.
17:09 of 3rd period - Daniel Sedin is hit by Dustin Byfuglien.
17:51 of 3rd period - Nathan Gerbe is hit by Patrick Maroon and loses puck.
18:07 of 3rd period - Alex Chiasson is hit by Philip Larsen and loses puck.
19:03 of 3rd period - Icing by Derek Roy.
19:04 of 3rd period - Derek Roy wins face-off versus Olli Jokinen in Hurricanes zone.
19:04 of 3rd period - Michael Frolik is hit by Olli Jokinen and loses puck.
19:07 of 3rd period - Flyers, Frederik Andersen is pulled from the net.
19:15 of 3rd period - Shot by Daniel Sedin.
19:15 of 3rd period - Stopped by Sergei Bobrovsky without a rebound.
19:16 of 3rd period - Olli Jokinen wins face-off versus Brad Richardson in Hurricanes zone.
19:19 of 3rd period - Shot by Kyle Okposo.
19:19 of 3rd period - Shot Misses the Net.
19:31 of 3rd period - Shot by James Wisniewski.
19:31 of 3rd period - Goal by James Wisniewski - Hurricanes : 4 - Flyers : 2.
19:31 of 3rd period - Frederik Andersen from Flyers was sent back in the game.
19:32 of 3rd period - Mike Ribeiro wins face-off versus Brian Boyle in neutral zone.
19:34 of 3rd period - Minor Penalty to Raphael Diaz for Hooking.
19:35 of 3rd period - Nick Foligno wins face-off versus Kyle Okposo in Hurricanes zone.
Goals for this period are 2 for Hurricanes vs 2 for Flyers.
Shots for this period are 9 for Hurricanes vs 16 for Flyers.


Output by the SimonT Hockey Simulator (STHS) for Stephane Roy -- Original Page W3C XHTML 1.0 Valid
Hockey Simulator - Hockey Simulation - Hockey Manager